 Dungeon Crawl Stone Soup version 0.29.1-13-g9f3cf754e1 (webtiles) character file.

Game seed: 11246411023998767195

21 nabru the Chopper (level 2, 14/27 HPs)
             Began as a Hill Orc Berserker on Aug 27, 2022.
             Was a Follower of Trog.
             Quit the game on level 4 of the Dungeon on Jan 29, 2023.
             The game lasted 00:02:04 (543 turns).

nabru the Chopper (Hill Orc Berserker)               Turns: 543, Time: 00:02:04

Health: 14/27      AC:  2    Str: 19    XL:     2   Next: 83%
Magic:  2/2        EV: 12    Int:  7    God:    Trog [*.....]
Gold:   61         SH:  0    Dex: 10    Spells: 1/1 levels left

rFire   . . .      SeeInvis .   a - +0 hand axe
rCold   . . .      Faith    .   (no shield)
rNeg    . . .      Spirit   .   b - +0 animal skin
rPois   .          Reflect  .   (no helmet)
rElec   .          Harm     .   (no cloak)
rCorr   .          Rampage  .   (no gloves)
Will    .....                   (no boots)
Stlth   +.........              (no amulet)
HPRegen 0.09/turn               (no ring)
MPRegen 0.08/turn               (no ring)

@: no status effects
A: no striking features
a: Renounce Religion, Berserk


You were on level 4 of the Dungeon.
You worshipped Trog.
Trog was aware of your devotion.
You visited 1 branch of the dungeon, and saw 4 of its levels.

You collected 61 gold pieces.

Inventory:

Hand Weapons
 a - a +0 hand axe (weapon)
Armour
 b - a +0 animal skin (worn)
Jewellery
 f - a ring of resist corrosion
Wands
 e - a wand of polymorph (11)
Potions
 c - a potion of ambrosia {unknown}
 d - a potion of heal wounds
 g - a potion of brilliance {unknown}


   Skills:
 + Level 4.0 Fighting
 + Level 4.3 Axes
 + Level 2.7 Armour
 + Level 1.6 Dodging
 + Level 0.3 Stealth


You had one spell level left.
You didn't know any spells.
Your spell library was empty.

Dungeon Overview and Level Annotations

Branches:
Dungeon (4/15)
 Temple: D:4-7

Altars:


Message History

You open the door.
An adder comes into view.
The adder hisses angrily.
Found a stone staircase leading down.
You hit the adder.
The adder is severely wounded.
The adder closely misses you. The adder bites you.
You are poisoned.
The adder poisons you!
You hit the adder.
The adder is severely wounded.
You feel sick. The adder closely misses you.
You barely miss the adder.
The adder is severely wounded.
You feel sick. The adder bites you. x2
You hit the adder.
The adder is almost dead.
You feel sick. The adder barely misses you.
You hit the adder.
You kill the adder!
Trog accepts your kill.
You feel sick.
You feel sick.
There is an open door, spattered with blood here.
You see here an adder corpse.
You feel sick.
You are no longer poisoned.
There is a stone staircase leading down here.
You climb downwards.
You hear the sound of rushing water.
There is an entrance to a sewer on this level.
Hurry and find it before the portal rusts away!
There is a stone staircase leading up here.
Save game and exit?
You hear the sound of rushing water.
There is an entrance to a sewer on this level.
Hurry and find it before the portal rusts away!
Welcome back, nabru the Hill Orc Berserker.
Trog says: Kill them all!
Press ? for a list of commands and other information.
Char dumped successfully.
Are you sure you want to abandon this character and quit the game? (Confirm with "yes".)

## #. #. #
#.###..###
#.@.......
#..###.###
#..# ...#
#....
#....
.....
.......


There were no monsters in sight!

Vanquished Creatures
  An adder (D:3)
  2 dart slugs
  A goblin (D:3)
  A hobgoblin (D:2)
  A ball python (D:3)
  3 kobolds (D:3)
9 creatures vanquished.

Notes
Turn   | Place    | Note
-------+----------+-------------------------------------------
     0 | D:1      | nabru the Hill Orc Berserker began the quest for the Orb.
     0 | D:1      | Reached XP level 1. HP: 19/19 MP: 1/1
    58 | D:1      | You fall into a shaft and drop 1 floor!
   324 | D:2      | Reached XP level 2. HP: 24/27 MP: 2/2
   543 | D:4      | Upgraded the game from 0.29.0-4-gdea44cf6ec to
                  | 0.29.1-13-g9f3cf754e1
   543 | D:4      | Quit the game

Illustrated notes

Levels and vault maps discovered:
D:1:      evilmike_arrival_fibonacci_small, layout_basic, minmay_pentomino_q2
D:2:      layout_basic
D:3:      layout_basic, minmay_quantized, uniq_pargi, uniq_natasha
D:4:      layout_loops_ring, minmay_overflow_temple_hex, portal_sewer_entry_e

Skill      XL: |  1 |
---------------+----+-----
Fighting       | 4 |  4.0
Axes           | |  4.3
Armour         | |  2.7
Dodging        | |  1.6
Stealth        | |  0.3

Action                   || total
-------------------------++-------
Melee: Hand axe          ||    28
Invok: Berserk           ||     1
Evoke: Wand              ||     2
  Use: Scroll            ||     2
       Potion            ||     1
 Stab: Sleeping          ||     1
Armor: Animal skin       ||     6
Dodge: Dodged            ||    15
